 Dungeon Crawl Stone Soup version 0.32-a0-172-gc5dd13f2a7 (webtiles) character file.

Game seed: 9139203470070171252

14453 Pooter the Cleaver (level 11, -9/102 HPs)
             Began as a Minotaur Berserker on Feb 13, 2024.
             Was a Priest of Trog.
             Mangled by a skeletal warrior
             ... wielding a +2 glaive of venom
              (23 damage)
             ... on level 11 of the Dungeon.
             The game lasted 00:59:22 (12044 turns).

Pooter the Cleaver (Minotaur Berserker)            Turns: 12044, Time: 00:59:23

Health: -9/102     AC:  9    Str: 26    XL:     11   Next: 88%
Magic:  10/10      EV:  8    Int:  4    God:    Trog [***...]
Gold:   88         SH: 11    Dex: 10    Spells: 10/10 levels left

rFire   + . .        a - +7 war axe (elec)
rCold   . . .        C - +0 kite shield
rNeg    . . .        y - +3 chain mail
rPois   .            (helmet restricted)
rElec   .            (no cloak)
rCorr   .            (no gloves)
SInv    .            (no boots)
Will    .....        m - amulet of reflection Stlth
                     N - +4 ring of slaying
HPRegen 0.37/turn    (no ring)
MPRegen 0.12/turn

%: reflection
@: lethally poisoned (-9 -> -29), on berserk cooldown, slowed, very slow
A: horns 2, retaliatory headbutt, iridescent scales 1, deformed body, fire
resistance 1
a: Renounce Religion, Berserk, Trog's Hand


You were on level 11 of the Dungeon.
You worshipped Trog.
Trog was most pleased with you.
You visited 1 branch of the dungeon, and saw 11 of its levels.
You also visited: Bailey.

You collected 704 gold pieces.
You spent 616 gold pieces at shops.

Inventory:

Hand Weapons
 a - a +7 war axe of electrocution (weapon)
   (You took it off an orc on level 3 of the Dungeon)
 b - a +0 sling
   (You found it on level 1 of the Dungeon)
 s - a +0 trident
   (You took it off an orc on level 3 of the Dungeon)
 u - a +0 morningstar
   (You took it off an orc on level 3 of the Dungeon)
 B - a +5 flail
   (You took it off an orc warrior on level 6 of the Dungeon)
 J - a +0 broad axe
   (You took it off an orc warrior in a bailey)
 M - a +6 broad axe
   (You took it off an orc warlord in a bailey)
Missiles
 d - 24 boomerangs (quivered)
 k - 22 poisoned darts
 Q - 95 stones
Armour
 y - a +3 chain mail (worn)
   (You found it on level 6 of the Dungeon)
 C - a +0 kite shield (worn)
   (You took it off an orc warrior on level 6 of the Dungeon)
Jewellery
 g - an amulet of regeneration
   (You found it on level 4 of the Dungeon)
 m - an amulet of reflection (around neck)
   (You found it on level 4 of the Dungeon)
 v - a +6 ring of intelligence
   (You found it on level 8 of the Dungeon)
 G - an amulet of guardian spirit
   (You found it on level 2 of the Dungeon)
 N - a +4 ring of slaying (left hand)
   (You found it in a bailey)
Wands
 c - a wand of quicksilver (3)
   (You found it on level 7 of the Dungeon)
 f - a wand of flame (33)
   (You found it on level 6 of the Dungeon)
 D - a wand of digging (5)
   (You found it on level 8 of the Dungeon)
 R - a wand of mindburst (3)
   (You took it off a wight on level 9 of the Dungeon)
 S - a wand of charming (7)
   (You took it off a centaur on level 9 of the Dungeon)
Scrolls
 h - 4 scrolls of vulnerability {!r}
 l - 2 scrolls of immolation {!r}
 o - 2 scrolls of fog
 q - 2 scrolls of noise {!r}
 t - 3 scrolls of teleportation {@r4}
Potions
 e - a potion of might
 i - 3 potions of haste {@q3}
 j - a potion of heal wounds {unknown}
 n - 3 potions of mutation {!q}
 p - a potion of invisibility
 w - 2 potions of attraction {!q}
 z - 2 potions of ambrosia
 A - 4 potions of resistance
 F - 2 potions of enlightenment
 H - a potion of cancellation {unknown}
 I - 2 potions of curing {@q1}
 O - a potion of experience


   Skills:
 + Level 11.1 Fighting
 * Level 14.9 Axes
 - Level 10.7 Ranged Weapons
 * Level 7.3 Throwing
 - Level 2.4 Armour
 - Level 2.1 Dodging


You had 10 spell levels left.
You didn't know any spells.
Your spell library was empty.

Dungeon Overview and Level Annotations

Branches:
Dungeon (11/15) Zot: 26584  Temple (0/1) D:4            Lair (0/5) D:10
 Bailey (visited)
    Orc: D:9-12

Altars:
Ashenzari
Cheibriados
Dithmenos
Fedhas
Hepliaklqana
Kikubaaqudgha
Nemelex Xobeh
Okawaru
Ru
Sif Muna
Uskayaw
Vehumet
Wu Jian

Shops:
D:11 !

Portals:
Trove: D:10 (give +3 shadow dragon scales)


Innate Abilities, Weirdness & Mutations

You have a pair of horns on your head.
You reflexively headbutt those who attack you in melee.
You are partially covered in iridescent scales. (AC +2)
Armour fits poorly on your strangely shaped body.
Your flesh is heat resistant. (rF+)


Message History

You are poisoned.
The vampire completely misses you. You block the vampire's attack.
You barely miss the vampire.
You feel sick.
A skeletal warrior comes into view.
It is wielding a +2 scimitar of electrocution.
You block the skeletal warrior's attack.
The vampire casts a spell.
The vampire flickers and vanishes!
Deactivating autopickup; reactivate with Ctrl-A.
You slash something! Trog accepts your kill.
Trog appreciates your killing of a magic user.
Reactivating autopickup.
You feel a bit more experienced.
You feel sick.
You feel sick.
You feel a strong urge to attack something.
You feel sick.
The skeletal warrior attacks as it pursues you!
You block the skeletal warrior's attack.
You feel sick.
You feel your anger nearly subside.
You are no longer berserk.
You are exhausted.
You feel yourself slow down.
You feel sick.
You feel sick.
You feel the effects of Trog's Hand fading.
You feel sick.
You feel sick.
The skeletal warrior attacks as it pursues you!
You block the skeletal warrior's attack.
You feel sick.
You are no longer poisoned.
The skeletal warrior completely misses you.
Your skin stops crawling.
You feel less strong-willed.
The skeletal warrior attacks as it pursues you!
The skeletal warrior hits you from afar with a +2 glaive of venom!
* * * LOW HITPOINT WARNING * * *
You are poisoned.
You block the skeletal warrior's attack.
You feel very sick.
You feel sick.
You block the skeletal warrior's attack.
You feel sick.
The skeletal warrior hits you from afar with a +2 glaive of venom!
* * * LOW HITPOINT WARNING * * *
You are lethally poisoned!
There is a stone staircase leading up, spattered with blood here.
* * * LOW HITPOINT WARNING * * *
You feel extremely sick.
The skeletal warrior hits you from afar with a +2 glaive of venom!!
You die...

#.### #.#.# #.# #.# #z#.# #.#
#.# ########.#.# #.# #.#
#..........########.# #.#
#...................# #.#
#.................### #.#
#..ß...ß..........# #.#
#......z..........# #.#
#....@.z..........# ###.#
#.................#
#...#######.ß...∩...ß......+
#...........##.............####
#...#...#...##....>............
#..###.ß##..###...........#.#.#
#...#...#..## #.ß...ß........
##...._....# #..........#.#.#.
#..#...#..#######.............


You could see 3 skeletal warriors.

Vanquished Creatures
  An orc warlord (Bailey)
  A vault guard (D:10)
  A death knight (D:9)
  3 two-headed ogres
  A boulder beetle (D:10)
  Pikel (D:9)
  A manticore (D:9)
  An ugly thing (D:11)
  2 komodo dragons (D:10)
  Psyche (D:8)
  A polar bear (shapeshifter) (D:11)
  2 hornets
  A shadow (D:11)
  7 yaks
  A vampire (D:11)
  4 wyverns
  A basilisk (D:10)
  Grum (D:8)
  3 steam dragons
  2 vampire mosquitoes (D:10)
  A water moccasin (D:6)
  8 orc warriors
  A swamp drake (D:10)
  4 ice beasts
  4 sky beasts
  A black bear (D:5)
  2 ogres
  2 wolves (D:8)
  3 centaurs
  A lemure (D:9)
  A phantom (D:5)
  A kobold brigand (D:8)
  3 gnoll sergeants
  3 bullfrogs
  2 scorpions
  6 wights
  3 killer bees (D:8)
  A howler monkey (D:7)
  A bombardier beetle (D:6)
  An electric eel (D:7)
  3 jellies
  A gnoll bouda (D:7)
  6 orc priests
  3 hounds
  3 iguanas
  10 orc wizards
  Natasha (D:2)
  30 gnolls
  7 adders
  2 white imps
  2 ufetubi (D:6)
  2 ribbon worms (D:3)
  6 dart slugs
  37 orcs
  12 endoplasms
  3 giant cockroaches
  10 goblins
  7 hobgoblins
  4 jackals (D:1)
  26 kobolds
  A quokka (D:4)
  10 ball pythons
  9 bats
  7 frilled lizards
  4 rats
291 creatures vanquished.

Vanquished Creatures (collateral kills)
  A centaur (D:9)
1 creature vanquished.

Grand Total: 292 creatures vanquished

Notes
Turn   | Place    | Note
-------+----------+-------------------------------------------
     0 | D:1      | Pooter the Minotaur Berserker began the quest for the Orb.
     0 | D:1      | Reached XP level 1. HP: 19/19 MP: 0/0
   248 | D:1      | Reached skill level 4 in Axes
   248 | D:1      | Reached XP level 2. HP: 25/27 MP: 1/1
   273 | D:1      | Reached skill level 1 in Ranged Weapons
   505 | D:1      | Reached ** piety under Trog
   530 | D:1      | Reached XP level 3. HP: 29/33 MP: 2/2
  1093 | D:2      | Reached XP level 4. HP: 40/40 MP: 3/3
  1524 | D:2      | Noticed Natasha
  1530 | D:2      | Killed Natasha
  1531 | D:2      | Reached skill level 5 in Axes
  1734 | D:3      | You fall into a shaft and drop 2 floors!
  1734 | D:5      | Entered Level 5 of the Dungeon
  1769 | D:5      | Noticed a phantom
  1778 | D:5      | Killed a phantom
  1779 | D:5      | Reached XP level 5. HP: 42/47 MP: 0/4
  1850 | D:5      | Noticed an ogre
  1859 | D:5      | Killed an ogre
  1860 | D:5      | Reached skill level 5 in Fighting
  1860 | D:5      | Reached skill level 6 in Axes
  1860 | D:5      | Reached XP level 6. HP: 56/56 MP: 5/5
  1911 | D:5      | Noticed an ice beast
  1920 | D:5      | Killed an ice beast
  2213 | D:4      | Reached XP level 7. HP: 52/61 MP: 4/6
  2337 | D:3      | Reached skill level 5 in Ranged Weapons
  2499 | D:3      | Reached skill level 7 in Axes
  2662 | D:3      | Reached *** piety under Trog
  2748 | D:3      | Found a sacrificial altar of Ru.
  3113 | D:4      | Found a staircase to the Ecumenical Temple.
  3775 | D:5      | Reached skill level 8 in Axes
  3775 | D:5      | Reached XP level 8. HP: 43/70 MP: 7/7
  4346 | D:5      | Found a shadowy altar of Dithmenos.
  4424 | D:6      | Found an ornate altar of the Wu Jian Council.
  4426 | D:6      | Found a blossoming altar of Fedhas.
  4843 | D:6      | Reached skill level 9 in Axes
  5413 | D:6      | Found a faded altar of an unknown god.
  5425 | D:6      | Found a hazy altar of Hepliaklqana.
  5610 | D:6      | Found a snail-covered altar of Cheibriados.
  5679 | D:7      | Reached XP level 9. HP: 76/79 MP: 8/8
  5741 | D:7      | Found a sparkling altar of Nemelex Xobeh.
  5835 | D:7      | Reached skill level 10 in Axes
  6088 | D:7      | Found a broken altar of Ashenzari.
  6204 | D:7      | Found a hide-covered altar of Uskayaw.
  7136 | D:8      | Found an iron altar of Okawaru.
  7269 | D:8      | Reached **** piety under Trog
  7754 | D:8      | Noticed Grum
  7760 | D:8      | Reached skill level 11 in Axes
  7763 | D:8      | Killed Grum
  7961 | D:8      | Noticed Psyche
  7976 | D:8      | Killed Psyche
  7977 | D:8      | Reached XP level 10. HP: 90/90 MP: 9/9
  8049 | D:8      | Reached skill level 10 in Ranged Weapons
  8253 | D:9      | Found a flagged portal.
  8270 | Bailey   | Entered a bailey
  8275 | Bailey   | Noticed an orc warlord
  8401 | Bailey   | Found a runed translucent gate.
  8403 | Bailey   | Found a runed translucent gate.
  8405 | Bailey   | Found a runed translucent gate.
  8496 | Bailey   | Killed an orc warlord
  8497 | Bailey   | Reached skill level 12 in Axes
  8798 | D:9      | Noticed a manticore
  8806 | D:9      | Killed a manticore
  8807 | D:9      | Reached skill level 1 in Throwing
  9002 | D:9      | Noticed Pikel
  9008 | D:9      | Killed Pikel
  9164 | D:9      | Reached skill level 13 in Axes
  9212 | D:9      | Noticed a death knight
  9716 | D:9      | Gained mutation: You are partially covered in iridescent
                  | scales. (AC +2) [potion of mutation]
  9716 | D:9      | Gained mutation: Armour fits poorly on your strangely
                  | shaped body. [potion of mutation]
  9716 | D:9      | Gained mutation: Your flesh is heat resistant. (rF+)
                  | [potion of mutation]
  9912 | D:9      | Killed a death knight
  9913 | D:9      | Reached XP level 11. HP: 74/99 MP: 10/10
 10108 | D:9      | Noticed a two-headed ogre
 10112 | D:9      | Killed a two-headed ogre
 10113 | D:9      | Reached skill level 10 in Fighting
 10258 | D:10     | Entered Level 10 of the Dungeon
 10469 | D:10     | Noticed a vault guard
 10476 | D:10     | Killed a vault guard
 10477 | D:10     | Reached skill level 5 in Throwing
 10519 | D:10     | Found a portal to a secret trove of treasure.
 10798 | D:10     | Found an ancient bone altar of Kikubaaqudgha.
 10799 | D:10     | Found a radiant altar of Vehumet.
 10800 | D:10     | Found a shimmering blue altar of Sif Muna.
 10951 | D:10     | Noticed a two-headed ogre
 10958 | D:10     | Killed a two-headed ogre
 10959 | D:10     | Reached skill level 14 in Axes
 11116 | D:10     | Paralysed by a hornet for 2 turns
 11221 | D:10     | Found a staircase to the Lair.
 11524 | D:10     | Noticed a boulder beetle
 11542 | D:10     | Killed a boulder beetle
 11690 | D:11     | Found a radiant altar of Vehumet.
 11694 | D:11     | Noticed a brown ugly thing
 11713 | D:11     | Found Emyeron's Distillery.
 11722 | D:11     | Killed a brown ugly thing
 11970 | D:11     | Bought a potion of curing for 42 gold pieces
 11970 | D:11     | Bought a potion of mutation for 112 gold pieces
 11970 | D:11     | Bought a potion of mutation for 112 gold pieces
 11970 | D:11     | Bought 2 potions of haste for 280 gold pieces
 11970 | D:11     | Bought a potion of enlightenment for 70 gold pieces
 12001 | D:11     | Noticed a two-headed ogre
 12012 | D:11     | Killed a two-headed ogre
 12012 | D:11     | Noticed a skeletal warrior
 12029 | D:11     | Noticed a skeletal warrior
 12044 | D:11     | Noticed a skeletal warrior
 12044 | D:11     | Mangled by a skeletal warrior

Illustrated notes

Levels and vault maps discovered:
D:1:      dpeg_arrival_rooms_b, layout_loops_ring, minmay_pentomino_o4
D:2:      layout_basic, uniq_natasha
D:3:      layout_loops_ring, nicolae_ru_great_annihilating_truth,
          grunt_ministairs_14, nicolae_grassy_gnolls
D:4:      layout_rooms, minmay_temple_entry_crystal_x, st_stairs_9,
          hangedman_abyss_or_decor_passed
D:5:      layout_basic, kennysheep_mini, grunt_decor_mini_mirrors,
          corexii_checkpoint
D:6:      layout_loops_cross, chei_slow_surprise,
          beargit_hepliaklqana_dungeon_heroes,
          mainiacjoe_overflow_catwalk_spiral
D:7:      layout_rooms, mainiacjoe_overflow_tiny_flanked,
          mainiacjoe_overflow_paths, mainiacjoe_overflow_cross_hatched,
          kennysheep_opposing_triangles
D:8:      layout_loops_corners, mainiacjoe_overflow_catwalk, uniq_grum,
          uniq_psyche
D:9:      layout_basic, enter_bailey_4, minmay_chambers_of_fives, uniq_pikel
D:10:     layout_loops_corners, grunt_temple_overflow_magic_moments,
          erik_lair_dragon, enter_trove_5, moated_statue,
          minmay_misc_feat_square, nzn_sisyphean_effort
D:11:     layout_basic, hex_medium, nicolae_stop_n_shop_1,
          hangedman_abyss_or_decor_stagger, vehumet_crystals

Skill      XL: |  1  2  3  4  5  6  7  8  9 10 11 |
---------------+----------------------------------+-----
Axes           | 4 5 6 8 9 11 13 14 | 14.9
Ranged Weapons | 1 2 3 4 6 8 9 10 | 10.7
Fighting       | 4 5 6 7 8 9 11 | 11.1
Throwing       | 4 7 |  7.3
Armour         | |  2.4
Dodging        | |  2.1

Action                     |  1- 3 |  4- 6 |  7- 9 | 10-12 || total
---------------------------+-------+-------+-------+-------++-------
  Melee: Hand axe          |    79 |    86 |    27 |       ||   192
         Headbutt          |    12 |    16 |    29 |    32 ||    89
         War axe           |       |       |   214 |   172 ||   386
         Morningstar       |       |       |     8 |       ||     8
   Fire: Sling             |    36 |    13 |    40 |     3 ||    92
  Throw: Dart              |       |     3 |     2 |       ||     5
         Boomerang         |       |     1 |    12 |    36 ||    49
 Invoke: Berserk           |     1 |     5 |    13 |     9 ||    28
         Trog's Hand       |       |     1 |     8 |    11 ||    20
  Evoke: Wand              |       |       |     5 |    12 ||    17
    Use: Scroll            |     1 |     2 |    12 |    13 ||    28
         Potion            |       |       |       |     8 ||     8
   Stab: Paralysed         |       |       |     1 |       ||     1
 Armour: Animal skin       |    43 |       |       |       ||    43
         Ring mail         |    23 |    52 |    25 |       ||   100
         Scale mail        |       |       |    47 |       ||    47
         Chain mail        |       |       |    90 |   101 ||   191
  Dodge: Dodged            |    41 |    36 |   110 |    44 ||   231
  Block: Other             |       |       |    16 |       ||    16
         Kite shield       |       |       |    63 |    90 ||   153
         Reflection        |       |       |     5 |    14 ||    19

Table legend: (Time is in decaauts)
 A = Elapsed time spent in this place.
 B = Non-inter-level travel time spent in this place.
 C = Inter-level travel time spent in this place.
 D = Time resting spent in this place.
 E = Time spent auto-exploring this place.
 F = Levels seen in this place.
 G = Mean time per level.
                   A        B        C        D        E       F      G
               +--------+--------+--------+--------+--------+-----+--------+
         Total |  12369 |  12086 |    283 |   3601 |   6155 |  12 | 1030.8 |
       Dungeon |  11952 |  11669 |    283 |   3507 |   6057 |  11 | 1086.5 |
        Bailey |    417 |    417 |      0 |     94 |     98 |   1 |  417.0 |
               +--------+--------+--------+--------+--------+-----+--------+

Top non-repeatable levels by time:
     D:9: 1667 daAuts
     D:8: 1415 daAuts
    D:10: 1402 daAuts
     D:5: 1317 daAuts
     D:6: 1269 daAuts
     D:7: 1242 daAuts
     D:1: 974 daAuts
     D:3: 837 daAuts
     D:2: 768 daAuts
     D:4: 644 daAuts
  Bailey: 417 daAuts
    D:11: 413 daAuts
